 Dungeon Crawl Stone Soup version 0.24-a0-264-gf46a388040 (webtiles) character file.

Game seed: 4863659673189860936

151 Findor the Skirmisher (level 5, -7/57 HPs)
             Began as a Naga Wanderer on Apr 20, 2019.
             Was an Initiate of Gozag.
             Mangled by an ogre
             ... wielding a +0 giant club
              (18 damage)
             ... on level 4 of the Dungeon.
             The game lasted 00:09:55 (3381 turns).

Findor the Skirmisher (Naga Wanderer)               Turns: 3381, Time: 00:09:56

Health: -7/57      AC:  4    Str: 14    XL:     5   Next: 33%
Magic:  5/5        EV:  2    Int: 12    God:    Gozag
Gold:   122        SH: 11    Dex: 12    Spells: 4/4 levels left

rFire    . . .     SeeInvis +   a - +0 hand axe
rCold    . . .     Gourm    .   t - +0 large shield
rNeg     . . .     Faith    +   z - +0 scale mail (curse)
rPois    +         Spirit   .   (no helmet)
rElec    .         Reflect  .   (no cloak)
rCorr    .         Harm     .   (no gloves)
MR       .....                  (no barding)
Stlth    ..........             m - amulet of faith (curse) {!P}
HPRegen  0.19/turn              u - ring of wizardry
MPRegen  0.09/turn              (no ring)

@: very slow
A: large, see invisible, deformed body, poison resistance, slowness 2, slow
metabolism 1, spit poison 1, AC +1
a: Spit Poison, Potion Petition, Call Merchant, Bribe Branch, Renounce Religion


You were on level 4 of the Dungeon.
You worshipped Gozag.
Gozag was aware of your devotion.
You were hungry.

You visited 1 branch of the dungeon, and saw 4 of its levels.

You collected 182 gold pieces.
You paid 60 gold pieces to Gozag.


Innate Abilities, Weirdness & Mutations

You cannot wear boots.
Your serpentine skin is tough. (AC +1)
You have supernaturally acute eyesight. (SInv)
Armour fits poorly on your strangely shaped body.
Your system is resistant to poisons. (rPois)
You cover ground very slowly.
You have a slow metabolism.
You can spit poison.


   Skills:
 - Level 7.1 Fighting
 * Level 0.3 Axes
 - Level 1.0 Throwing
 - Level 1.5 Dodging
 - Level 1.5 Stealth
 + Level 1.0 Shields


You had 4 spell levels left.
You didn't know any spells.
Your spell library was empty.

Inventory:

Hand Weapons
 a - a +0 hand axe (weapon)
   (You took it off an orc on level 4 of the Dungeon)
 b - a +0 hunting sling
   (You took it off a goblin on level 2 of the Dungeon)
 d - a +0 blowgun
Missiles
 c - 11 poisoned needles
 o - 161 stones (quivered)
 x - 5 needles of frenzy
Armour
 t - a +0 large shield (worn)
   (You found it on level 4 of the Dungeon)
 z - a cursed +0 scale mail (worn)
   (You found it on level 4 of the Dungeon)
Jewellery
 m - a cursed amulet of faith (around neck) {!P}
   (You found it on level 2 of the Dungeon)
 u - a ring of wizardry (left hand)
   (You found it on level 3 of the Dungeon)
 y - an uncursed ring of magical power {unknown}
   (You found it on level 3 of the Dungeon)
Scrolls
 g - a scroll of fear
 j - a scroll of remove curse {@r2}
 k - a scroll of enchant weapon {unknown}
 n - 3 scrolls of teleportation {@r4}
 p - 3 scrolls of identify {unknown}
 s - a scroll of amnesia {unknown}
Potions
 h - a potion of mutation {unknown}
 i - a potion of might {unknown}
 l - a potion of heal wounds {@q2}
 q - a potion of agility {unknown}
 v - 3 potions of curing {@q1}
Comestibles
 f - 5 rations


Message History

You start resting.
You are feeling hungry.
Found 3 gold pieces.
Found a gold piece.
You now have 176 gold pieces (gained 1).
Found a gold piece.
Found 2 gold pieces.
You now have 177 gold pieces (gained 1).
Found an opulent altar of Gozag.
You now have 178 gold pieces (gained 1).
You now have 179 gold pieces (gained 1).
You now have 180 gold pieces (gained 1).
There is an opulent altar of Gozag here.
You coil in front of the altar of Gozag.
Gozag welcomes you!
You pay a service fee of 60 gold.
Gozag offers you a free set of potion effects!
You now have 121 gold pieces (gained 1).
You now have 122 gold pieces (gained 1).
Okay, then.
Found a trident.
You see here a trident.
As you open the door, it creaks loudly!
Found a bloodstained altar of Trog and a shadowy altar of Dithmenos.
There is an open door here.
An ogre comes into view. It is wielding a +0 giant club.
There is an open door here.
Press: ? - help, Shift-Dir - straight line, f - ogre
Aim: an ogre, wielding a +0 giant club The splash of poison hits the ogre.
The ogre is poisoned.
You feel slightly more hungry.
A phantom comes into view.
You block the phantom's attack.
You hit the ogre. You hit the phantom but do no damage.
You have got your breath back.
The phantom hits you!
The phantom blinks!
You block the ogre's attack. The ogre hits you with a +0 giant club!
You hit the ogre. You hit the phantom. You block the phantom's attack.
You block the ogre's attack.
You hit the ogre but do no damage. You hit the phantom.
The ogre looks more healthy.
The phantom hits you.
The ogre hits you with a +0 giant club!!
* * * LOW HITPOINT WARNING * * *
You block the phantom's attack.
Unknown command.
You hit the ogre. You hit the phantom but do no damage. The phantom hits you.
* * * LOW HITPOINT WARNING * * *
The ogre hits you with a +0 giant club!!
You die...
Your body crumbles into a pile of gold.

###### #..... #.#### #.
#.# $ #. #### ###.####
#. #≈_# #.......
#.####.# #.#.####
#####.#.W'.######.#.####
.......@##.#............
#####.O.#≈_#....#####...
##.##########8_8#..< #.#
#...#... #.# #...#...
#.# ##.##... #.#
#...#... #.####
####...####
#..).####......####


You could see a phantom and an ogre.

Vanquished Creatures
  An orc wizard (D:3)
  A hound skeleton (D:4)
  3 adders
  A worm (D:2)
  A dart slug (D:3)
  3 leopard geckos
  7 orcs
  2 giant cockroaches (D:1)
  4 goblins
  4 hobgoblins
  11 jackals
  A quokka (D:2)
  9 bats
  4 frilled lizards
  A jackal skeleton (D:4)
  7 kobolds
  7 rats
67 creatures vanquished.

Vanquished Creatures (others)
  7 toadstools (D:1)
7 creatures vanquished.

Grand Total: 74 creatures vanquished

Notes
Turn   | Place    | Note
-------+----------+-------------------------------------------
     0 | D:1      | Findor the Naga Wanderer began the quest for the Orb.
     0 | D:1      | Findor set off with the following items: a +2 spear, a
                  | scroll of teleportation {@r4}, 11 poisoned needles, a +0
                  | blowgun, a +0 robe, a ration
     0 | D:1      | Reached XP level 1. HP: 25/25 MP: 1/1
   224 | D:1      | Reached XP level 2. HP: 28/32 MP: 2/2
   765 | D:2      | HP: 4/33 [quokka (3)]
   766 | D:2      | Reached XP level 3. HP: 5/40 MP: 3/3
  1400 | D:2      | Reached skill level 6 in Fighting
  1889 | D:3      | Reached XP level 4. HP: 48/48 MP: 4/4
  2127 | D:3      | Found a snail-covered altar of Cheibriados.
  2563 | D:3      | Reached XP level 5. HP: 56/56 MP: 5/5
  2745 | D:4      | Found a stormy altar of Qazlal.
  2754 | D:4      | Reached skill level 7 in Fighting
  3033 | D:4      | Noticed a phantom
  3076 | D:4      | HP: 6/57 [phantom (7)]
  3330 | D:4      | Found an opulent altar of Gozag.
  3341 | D:4      | Became a worshipper of Gozag Ym Sagoz the Greedy
  3371 | D:4      | Found a bloodstained altar of Trog.
  3371 | D:4      | Found a shadowy altar of Dithmenos.
  3373 | D:4      | Noticed an ogre
  3375 | D:4      | Noticed a phantom
  3381 | D:4      | HP: 11/57 [phantom (3)]
  3381 | D:4      | Mangled by an ogre

Levels and vault maps discovered:
D:1:      nagdon_arrival_double_spiral, layout_basic
D:2:      layout_basic
D:3:      layout_basic, kennysheep_slug_shrine, first_ration
D:4:      layout_loops_ring, grunt_gozag_breadcrumbs, grunt_qazlal_clouds,
          gammafunk_temple_overflow_elements, nicolae_ashenzari_panopticon

Action                   |  1- 3 |  4- 6 || total
-------------------------+-------+-------++-------
Melee: Spear             |    93 |    71 ||   164
       Hand axe          |       |    25 ||    25
       Flail             |       |    19 ||    19
 Abil: Spit Poison       |     8 |     3 ||    11
  Use: Scroll            |     3 |       ||     3
       Potion            |       |     2 ||     2
 Stab: Sleeping          |     5 |     2 ||     7
  Eat: Chunk             |     2 |     4 ||     6
Armor: Robe              |    21 |    14 ||    35
       Ring mail         |       |    22 ||    22
       Scale mail        |       |     8 ||     8
Dodge: Dodged            |    53 |    35 ||    88
Block: Large shield      |       |    23 ||    23
